 Dungeon Crawl Stone Soup version 0.30.1-4-g462c640d31 (webtiles) character file.

Game seed: 10727318897767861485

82 Peloso the Covered (level 4, -16/40 HPs)
             Began as a Minotaur Fighter on Sept 17, 2023.
             Demolished by an orc wizard
             ... wielding a +1 dagger of electrocution
              (19 damage)
             ... on level 3 of the Dungeon.
             The game lasted 00:04:14 (1357 turns).

Peloso the Covered (Minotaur Fighter)               Turns: 1357, Time: 00:04:15

Health: -16/40     AC: 12    Str: 20    XL:     4   Next: 21%
Magic:  3/3        EV:  7    Int:  5    God:
Gold:   119        SH:  5    Dex: 12    Spells: 3/3 levels left

rFire   . . .        a - +0 long sword
rCold   . . .        d - +0 buckler
rNeg    . . .        c - +0 chain mail
rPois   +            (helmet restricted)
rElec   .            (no cloak)
rCorr   .            j - +0 pair of gloves
SInv    .            m - +0 pair of boots
Will    .....        (no amulet) Stlth
                     h - ring of poison resistance
HPRegen 0.26/turn    (no ring)
MPRegen 0.08/turn

%: no passive effects
@: no status effects
A: horns 2, retaliatory headbutt
a: no special abilities


You were on level 3 of the Dungeon.
You visited 1 branch of the dungeon, and saw 3 of its levels.

You collected 119 gold pieces.

Inventory:

Hand Weapons
 a - a +0 long sword (weapon)
Missiles
 o - a throwing net (quivered)
Armour
 b - a +0 scale mail
 c - a +0 chain mail (worn)
 d - a +0 buckler (worn)
 j - a +0 pair of gloves (worn)
 m - a +0 pair of boots (worn)
Jewellery
 h - a ring of poison resistance (left hand)
Scrolls
 l - a scroll of noise {unknown}
 n - a scroll of blinking {unknown}
Potions
 e - a potion of curing
 f - a potion of attraction {unknown}
 g - a potion of degeneration {unknown}
 i - a potion of might


   Skills:
 + Level 4.1 Fighting
 + Level 3.2 Long Blades
 + Level 4.8 Armour
 + Level 4.3 Shields


You had 3 spell levels left.
You didn't know any spells.
Your spell library was empty.

Dungeon Overview and Level Annotations

Branches:
Dungeon (3/15)

Altars:

Annotations:
D:2 Sigmund


Innate Abilities, Weirdness & Mutations

You have a pair of horns on your head.
You reflexively headbutt those who attack you in melee.


Message History

Things that are here:
a +2 dagger of speed; a goblin corpse You start putting on your armour.
You continue putting on your +0 pair of gloves. x4
You finish putting on your +0 pair of gloves.
There is a stone staircase leading down here. 2 orcs and an orc wizard come into view.
The orc wizard is wielding a +1 dagger of electrocution.
The orc wizard shouts!
The orc moves out of view.
Unknown command.
Found a scroll labelled VUFUHUNKOSOT.
An endoplasm comes into view.
The orc wizard casts a spell.
The orc wizard flickers and vanishes!
Deactivating autopickup; reactivate with Ctrl-A.
The endoplasm quivers.
Unknown command.
A puff of flame appears from out of thin air!
The puff of flame hits you but does no damage.
You hear some strange, mumbled words.
Something tries to affect you, but you resist.
Something hits you.
You barely miss something.
You hear the slow rusting of a distant drain.
Something hits you but does no damage.
You barely miss something.
You hear some strange, mumbled words.
A puff of flame appears from out of thin air!
The puff of flame hits you.
You barely miss something. Something hits you but does no damage.
You are electrocuted!
You miss something. Something hits you.
You are electrocuted!
* * * LOW HITPOINT WARNING * * *
You hit the orc but do no damage. You headbutt the orc.
The orc is almost dead.
The orc barely misses you. You furiously retaliate!
You headbutt the orc!
You kill the orc!
Something hits you but does no damage.
You are electrocuted!!
You die...

.≈≈..........>........#
.≈≈.###...###.#######.#
.≈ #...# #.# #.# ......
#.# #.# ........##.#
#.# .........##.# #.#
.....######.# #.# ≈....
#####.#######.#
#....o{@......#
#.###J######### #.# .o.
..... ......# ........
.......... #?......J...


You could see an orc and an endoplasm.

Vanquished Creatures
  Terence (D:2)
  An adder (D:2)
  A dart slug (D:1)
  2 orcs (D:3)
  3 ball pythons
  4 endoplasms
  A giant cockroach (D:1)
  9 goblins
  5 hobgoblins
  2 quokkas
  2 bats
  3 frilled lizards
  5 kobolds
  3 rats
42 creatures vanquished.

Notes
Turn   | Place    | Note
-------+----------+-------------------------------------------
     0 | D:1      | Peloso the Minotaur Fighter began the quest for the Orb.
     0 | D:1      | Reached XP level 1. HP: 19/19 MP: 0/0
    60 | D:1      | Reached XP level 2. HP: 27/27 MP: 1/1
   982 | D:2      | Noticed Terence
  1002 | D:2      | Killed Terence
  1003 | D:2      | Reached XP level 3. HP: 18/33 MP: 2/2
  1171 | D:2      | Noticed Sigmund
  1192 | D:2      | Reached XP level 4. HP: 39/40 MP: 3/3
  1357 | D:3      | Demolished by an orc wizard

Illustrated notes

Levels and vault maps discovered:
D:1:      erik_arrival_triangle_small, layout_loops_ring,
          kennysheep_another_room, corner_web_ring, minmay_misc_feat_encased,
          st_stairs_6
D:2:      layout_basic, uniq_sigmund, uniq_crazy_yiuf_cottage, uniq_terence
D:3:      layout_basic, mainiacjoe_overflow_catch_the_wave,
          grunt_temple_overflow_open, portal_sewer_entry_a,
          gammafunk_ghost_gnarly_gnolls

Skill      XL: |  1  2 |
---------------+-------+-----
Armour         | 4 |  4.8
Shields        | 4 |  4.3
Fighting       | 4 |  4.1
Long Blades    | 3 |  3.2

Action                     |  1- 3 |  4- 6 || total
---------------------------+-------+-------++-------
  Melee: Long sword        |    72 |    23 ||    95
         Headbutt          |     9 |     3 ||    12
    Use: Scroll            |     2 |       ||     2
         Potion            |     2 |       ||     2
 Armour: Scale mail        |     9 |       ||     9
         Chain mail        |    20 |    19 ||    39
  Dodge: Dodged            |    31 |     8 ||    39
  Block: Buckler           |    12 |     3 ||    15
